AoeStats
← Element

Black Forest

506901064Analyzed
4v4 RM · 16d ago on Sep 15, 2026· 58m 46s· 8 players
Game mode
Random Map
Map size
Large (8 player)
Population
200
Speed
Normal
Resources
Standard
Victory
Conquest
Starting age
Dark Age
Ending age
Imperial Age
RankedLock teamsTeams togetherTeam positionsShared explorationLock speedFull tech treeHidden civsTurbo modeCheats
Victory
Defeat
🇲🇽 Vikings · Mexico
1405
+15
🇲🇦 Burgundians · Morocco
1384
+16
🇩🇪 Japanese · Germany
1356
+17
🇨🇳 Persians · China
1306
+19
🇷🇺 Persians · Russia
1438
-20
🇲🇽 Georgians · Mexico
1382
-17
🇦🇷 Spanish · Argentina
1342
-15
🇦🇷 Khmer · Argentina
1340
-15
freedom is not free
8:55 Feudal Age
9:36 Double-Bit Axe
11:09 Horse Collar
16:36 Castle Age
17:27 Wheelbarrow
17:37 Bow Saw
17:29 Heavy Plow
18:03 Loom
23:50 Hand Cart
23:35 Gold Mining
25:31 Stone Mining
26:19 Gold Shaft Mining
27:06 Stone Shaft Mining
30:29 Imperial Age
27:47 Town Watch
28:36 Scale Barding Armor
28:42 Forging
28:52 Caravan
29:24 Coinage
31:01 Masonry
31:19 Chain Barding Armor
31:34 Iron Casting
31:35 Crop Rotation
32:07 Two-Man Saw
32:05 Conscription
32:44 Banking
32:25 Guilds
32:57 Banking
33:06 Plate Barding Armor
31:57 Elite War Elephant
34:22 Blast Furnace
36:24 Bloodlines
36:14 Husbandry
41:13 Architecture
40:38 Murder Holes
46:03 Devotion
46:51 Hoardings
48:38 Chemistry
48:18 Fletching
48:52 Ballistics
48:25 Pikeman
49:05 Squires
48:51 Arson
50:17 Scale Mail Armor
50:18 Padded Archer Armor
50:03 Halberdier
51:27 Chain Mail Armor
51:45 Kamandaran
51:58 Citadels
53:05 Plate Mail Armor
52:31 Bodkin Arrow
54:40 Town Patrol
54:42 Padded Archer Armor
No-One-Knows-Me
0:51 Loom
6:51 Double-Bit Axe
13:08 Feudal Age
12:16 Horse Collar
16:53 Castle Age
15:08 Bow Saw
15:02 Heavy Plow
15:18 Gold Mining
16:25 Wheelbarrow
20:42 Hand Cart
23:34 Stone Mining
24:31 Gold Shaft Mining
25:48 Crop Rotation
26:23 Two-Man Saw
30:28 Imperial Age
28:44 Scale Barding Armor
28:50 Forging
30:01 Chain Barding Armor
29:36 Cavalier
31:19 Husbandry
31:24 Pikeman
32:05 Squires
32:11 Caravan
34:13 Plate Barding Armor
33:39 Scale Mail Armor
34:25 Conscription
35:36 Coinage
37:07 Banking
36:34 Halberdier
37:11 Light Cavalry
38:12 Chain Mail Armor
38:33 Iron Casting
38:00 Paladin
39:32 Hussar
41:08 Plate Mail Armor
41:39 Blast Furnace
47:42 Man-at-Arms
48:25 Long Swordsman
49:44 Two-Handed Swordsman
52:40 Chemistry
56:10 Champion
Krabbel
0:46 Loom
13:29 Feudal Age
17:18 Castle Age
15:20 Double-Bit Axe
20:43 Town Watch
21:37 Scale Mail Armor
25:37 Chain Mail Armor
35:34 Imperial Age
35:45 Yasama
36:15 Fletching
36:39 Bow Saw
37:00 Guard Tower
38:11 Chemistry
37:08 Stone Mining
38:59 Wheelbarrow
39:21 Keep
38:29 Treadmill Crane
39:52 Bodkin Arrow
40:30 Ballistics
43:03 Conscription
43:15 Plate Mail Armor
42:55 Forging
43:27 Squires
43:13 Arson
43:42 Bracer
45:05 Arrowslits
45:33 Masonry
53:54 Pikeman
54:46 Forging
55:32 Caravan
56:52 Halberdier
kazumakine
0:38 Loom
12:30 Feudal Age
13:49 Double-Bit Axe
19:07 Castle Age
18:30 Horse Collar
20:59 Fishing Lines
21:38 Bow Saw
21:33 Town Watch
24:21 Gillnets
25:23 Heavy Plow
28:50 Crossbowman
29:34 Fletching
29:53 Caravan
33:31 Imperial Age
31:03 Gold Mining
31:05 Stone Mining
32:18 Bodkin Arrow
32:25 Padded Archer Armor
32:41 Squires
34:27 Ballistics
33:47 Pikeman
34:31 Chieftains
34:34 Scale Mail Armor
34:44 Forging
34:51 Leather Archer Armor
34:44 Gambesons
35:00 Bracer
35:07 Arbalester
35:13 Capped Ram
36:33 Chain Mail Armor
36:54 Iron Casting
36:11 Siege Ram
37:50 Bogsveigar
38:58 Ring Archer Armor
38:59 Plate Mail Armor
40:37 Chemistry
40:21 Hoardings
43:18 Elite Berserk
43:58 Elite Berserk
47:38 Onager
50:23 Siege Engineers
50:28 Masonry
54:40 Elite Skirmisher
Vinci_PL
3:40 Loom
11:58 Feudal Age
15:59 Castle Age
15:05 Double-Bit Axe
15:01 Horse Collar
18:34 Wheelbarrow
22:05 Bow Saw
22:23 Heavy Plow
24:10 Hand Cart
23:41 Town Watch
24:31 Town Watch
30:34 Imperial Age
28:18 Husbandry
29:06 Scale Barding Armor
29:12 Forging
30:15 Chain Barding Armor
31:02 Bloodlines
31:30 Iron Casting
32:40 Chemistry
31:08 Cavalier
32:26 Plate Barding Armor
31:42 Light Cavalry
34:07 Gold Mining
36:05 Blast Furnace
36:02 Fletching
36:35 Ballistics
36:06 Paladin
38:02 Guard Tower
38:10 Bodkin Arrow
37:48 Hussar
38:11 Pikeman
38:53 Scale Mail Armor
41:10 Stone Mining
43:17 Chain Mail Armor
43:07 Squires
43:12 Halberdier
46:45 Plate Mail Armor
47:52 Conscription
48:23 Bracer
50:00 Caravan
Element
3:42 Loom
13:12 Feudal Age
16:03 Castle Age
15:15 Double-Bit Axe
15:12 Horse Collar
26:34 Heavy Plow
27:53 Wheelbarrow
27:10 Town Watch
34:51 Imperial Age
34:11 Hand Cart
35:59 Heavy Scorpion
42:05 Ballistics
42:56 Chemistry
42:04 Siege Engineers
44:15 Hand Cart
45:03 Pikeman
48:26 Forging
48:16 Scale Mail Armor
48:21 Scale Barding Armor
55:13 Capped Ram
Lord Yarik
0:39 Loom
12:24 Feudal Age
13:12 Fishing Lines
13:22 Double-Bit Axe
20:10 Castle Age
19:11 Horse Collar
21:18 Bow Saw
21:52 Heavy Plow
21:47 Gillnets
24:28 Wheelbarrow
27:28 Fortified Wall
28:41 Hand Cart
32:54 Imperial Age
30:49 Gold Mining
31:15 Caravan
31:34 Fletching
32:07 Ballistics
31:56 Stone Mining
32:20 Bodkin Arrow
32:34 Town Watch
34:39 Chemistry
33:20 Treadmill Crane
33:56 Bracer
34:24 Parthian Tactics
34:13 Guard Tower
34:26 Padded Archer Armor
34:39 Heavy Cavalry Archer
37:15 Conscription
37:30 Husbandry
38:19 Keep
37:30 Arrowslits
37:54 Svan Towers
39:12 Siege Engineers
39:20 Masonry
39:32 Leather Archer Armor
39:29 Bloodlines
39:59 Murder Holes
41:11 Scale Mail Armor
40:33 Pikeman
41:13 Squires
41:58 Architecture
41:33 Siege Engineers
43:25 Chain Mail Armor
44:55 Plate Mail Armor
43:50 Halberdier
45:06 Aznauri Cavalry
47:05 Forging
49:23 Iron Casting
49:29 Hoardings
51:51 Capped Ram
52:47 Siege Ram
58:02 Blast Furnace
56:23 Elite Skirmisher
xxArMoRxx
8:09 Loom
10:51 Feudal Age
15:23 Castle Age
13:34 Double-Bit Axe
14:42 Fishing Lines
16:03 Bow Saw
17:35 Horse Collar
18:23 Gillnets
22:23 Heavy Plow
23:05 Fervor
23:42 Wheelbarrow
24:24 Town Watch
29:07 Imperial Age
26:42 Stone Mining
26:42 Gold Mining
27:21 Hand Cart
27:01 Gold Mining
28:06 Scale Barding Armor
28:12 Forging
28:00 Murder Holes
28:25 Ballistics
28:16 Masonry
29:55 Gold Shaft Mining
29:55 Stone Shaft Mining
29:46 Chain Barding Armor
29:25 Elite War Elephant
31:22 Plate Barding Armor
31:23 Iron Casting
31:54 Bloodlines
31:45 Husbandry
32:27 Conscription
32:46 Hoardings
32:34 Caravan
33:04 Coinage
32:45 Guilds
33:33 Cavalier
33:34 Light Cavalry
33:58 Capped Ram
35:41 Chemistry
36:04 Siege Ram
38:11 Blast Furnace
36:58 Arson
36:34 Pikeman
39:29 Heavy Scorpion
42:18 Architecture
41:43 Fletching
41:55 Squires
44:01 Banking
45:19 Block Printing
45:00 Herbal Medicine
47:08 Halberdier
47:33 Gambesons
51:42 Hussar
53:43 Scale Mail Armor
53:39 Bodkin Arrow
56:23 Town Patrol
58:41 Chain Mail Armor
Connection lost

Rejoining the realm…

Still unreachable

The connection could not be restored.

Session expired

The server has moved on; the page needs a fresh start.